SAA
MARQUETTE MINERS @ IRVING BLUE SOX
06/22/2024
 
TOP OF THE 1ST
Marquette Miners batting - Pitching for Irving Blue Sox : RHP Jim Davis
Pitching: RHP Jim Davis
Batting: RHB Félix De La Hoya 0-0: Fly out, F8 (Flyball, 8LS)
Batting: SHB Ken Osborne 0-0: Called Strike
0-1: Called Strike
0-2: Ball
1-2: Ball
2-2: Ground out U3 (Groundball, 3L)
Batting: RHB Ed Adams 0-0: Ball
1-0: Foul Ball, location: 2F
1-1: Foul Ball, location: 2F
1-2: Foul Ball, location: 2F
1-2: Strikes out looking
Top of the 1st over - 0 run(s), 0 hit(s), 0 error(s), 0 left on base; Marquette 0 - Irving 0
BOTTOM OF THE 1ST
Irving Blue Sox batting - Pitching for Marquette Miners : RHP Uriel Baughman
Pitching: RHP Uriel Baughman
Batting: RHB Rafael Delgado 0-0: Called Strike
0-1: Ground out 5-3 (Groundball, 6)
Batting: RHB Daniel Molina 0-0: Ball
1-0: Bunt for hit - play at first, batter OUT! 1-3
Batting: LHB Esteban Casillas 0-0: Ball
1-0: Swinging Strike
1-1: Foul Ball, location: 2F
1-2: Ball
2-2: Fly out, F5 (Popup, 5F)
Bottom of the 1st over - 0 run(s), 0 hit(s), 0 error(s), 0 left on base; Marquette 0 - Irving 0
TOP OF THE 2ND
Marquette Miners batting - Pitching for Irving Blue Sox : RHP Jim Davis
Batting: RHB Preston Hernández 0-0: DOUBLE (Line Drive, 7LD)
Batting: LHB Rick Harrison 0-0: Swinging Strike
0-1: Called Strike
0-2: Ball
1-2: Ball
2-2: Foul Ball, location: 2F
2-2: Fly out, F8 (Flyball, 8RM)
Batting: RHB Ken Little 0-0: Ball
1-0: Ground out 1-3 (Groundball, 15S)
Batting: RHB Isaac Downey 0-0: Called Strike
0-1: Ball
1-1: Ground out 6-3 (Groundball, 56)
Top of the 2nd over - 0 run(s), 1 hit(s), 0 error(s), 1 left on base; Marquette 0 - Irving 0
BOTTOM OF THE 2ND
Irving Blue Sox batting - Pitching for Marquette Miners : RHP Uriel Baughman
Batting: RHB Mark Davis 0-0: Called Strike
0-1: Ball
1-1: Foul Ball, location: 2F
1-2: Ball
2-2: Ball
3-2: Fly out, F3 (Popup, 3SF)
Batting: SHB John Clayton 0-0: Ground out 4-3 (Groundball, 4)
Batting: RHB Jorge López 0-0: Called Strike
0-1: Ball
1-1: Called Strike
1-2: Strikes out looking
Bottom of the 2nd over - 0 run(s), 0 hit(s), 0 error(s), 0 left on base; Marquette 0 - Irving 0
TOP OF THE 3RD
Marquette Miners batting - Pitching for Irving Blue Sox : RHP Jim Davis
Batting: RHB Bernardo Márquez 0-0: Ball
1-0: Swinging Strike
1-1: Ball
2-1: Ball
3-1: Called Strike
3-2: Base on Balls
Batting: RHB David Barrón 0-0: Ball
1-0: Ball
2-0: Ball
3-0: Base on Balls
Bernardo Márquez to second
Batting: RHB Félix De La Hoya 0-0: Called Strike
0-1: Grounds into double play, 1-4-3 (Groundball, 13)
Bernardo Márquez to third
Batting: SHB Ken Osborne 0-0: Ball
1-0: Foul Ball, location: 2F
1-1: SINGLE (Flyball, 89M)
Bernardo Márquez scores
Batting: RHB Ed Adams 0-0: Ball
1-0: DOUBLE (Groundball, 5L)
Ken Osborne to third
Batting: RHB Preston Hernández 0-0: Swinging Strike
0-1: Swinging Strike
0-2: Strikes out swinging
Top of the 3rd over - 1 run(s), 2 hit(s), 0 error(s), 2 left on base; Marquette 1 - Irving 0
BOTTOM OF THE 3RD
Irving Blue Sox batting - Pitching for Marquette Miners : RHP Uriel Baughman
Batting: RHB Coy Poston 0-0: Ball
1-0: Fly out, F7 (Flyball, 7M)
Batting: SHB Tom Palmer 0-0: Ball
1-0: Fly out, F9 (Flyball, 9LMF)
Batting: RHB Noah Smith 0-0: Ball
1-0: Foul Ball, location: 2F
1-1: SINGLE (Line Drive, 89S)
Batting: RHB Rafael Delgado 0-0: Called Strike
0-1: Ball
1-1: Called Strike
1-2: Ball
2-2: Fly out, F6 (Line Drive, 6)
Bottom of the 3rd over - 0 run(s), 1 hit(s), 0 error(s), 1 left on base; Marquette 1 - Irving 0
TOP OF THE 4TH
Marquette Miners batting - Pitching for Irving Blue Sox : RHP Jim Davis
Batting: LHB Rick Harrison 0-0: Fly out, F9 (Line Drive, 9M)
Batting: RHB Ken Little 0-0: Ball
1-0: Called Strike
1-1: Ball
2-1: Ground out 6-3 (Groundball, 6)
Batting: RHB Isaac Downey 0-0: Ball
1-0: Ball
2-0: Ball
3-0: Called Strike
3-1: Foul Ball, location: 2F
3-2: Strikes out swinging
Top of the 4th over - 0 run(s), 0 hit(s), 0 error(s), 0 left on base; Marquette 1 - Irving 0
BOTTOM OF THE 4TH
Irving Blue Sox batting - Pitching for Marquette Miners : RHP Uriel Baughman
Batting: RHB Daniel Molina 0-0: Ball
1-0: DOUBLE (Flyball, 9LD)
Batting: LHB Esteban Casillas 0-0: Ball
1-0: Swinging Strike
1-1: Ball
2-1: Called Strike
2-2: Strikes out looking
Batting: RHB Mark Davis 0-0: Called Strike
0-1: Foul Ball, location: 2F
0-2: SINGLE (Line Drive, 7S)
Daniel Molina to third
Runner from 3rd tries for Home, SAFE, throw made home
Mark Davis to second
Batting: SHB John Clayton 0-0: SINGLE (Line Drive, 8RS)
Mark Davis to third
Runner from 3rd tries for Home, SAFE, no throw or cutoff
Batting: RHB Jorge López 0-0: Swinging Strike
0-1: Called Strike
0-2: Ball
1-2: DOUBLE (Flyball, 89D)
John Clayton to third
Runner from 3rd tries for Home, SAFE, throw made at trailing runner, SAFE at third!
Batting: RHB Coy Poston 0-0: Foul Ball, location: 2F
0-1: Foul Ball, location: 2F
0-2: Ball
1-2: Foul Ball, location: 2F
1-2: Foul Ball, location: 2F
1-2: Foul Ball, location: 2F
1-2: Ball
2-2: Ball
3-2: Strikes out looking
Batting: SHB Tom Palmer 0-0: Called Strike
0-1: Ball
Passed Ball!
Jorge López scores
1-1: SINGLE (Line Drive, 4M)
Batting: RHB Noah Smith 0-0: Ball
Tom Palmer steals 2nd base
1-0: Swinging Strike
1-1: Foul Ball, location: 2F
1-2: Ball
2-2: Ground out 3-1 (Groundball, 34)
Bottom of the 4th over - 4 run(s), 5 hit(s), 0 error(s), 1 left on base; Marquette 1 - Irving 4
TOP OF THE 5TH
Marquette Miners batting - Pitching for Irving Blue Sox : RHP Jim Davis
Batting: RHB Bernardo Márquez 0-0: Swinging Strike
0-1: Ball
1-1: Ball
2-1: Swinging Strike
2-2: Foul Ball, location: 2F
2-2: Ball
3-2: Fly out, F9 (Flyball, 9LM)
Batting: RHB David Barrón 0-0: Ball
1-0: Swinging Strike
1-1: Ball
2-1: Swinging Strike
2-2: Strikes out looking
Batting: RHB Félix De La Hoya 0-0: Ground out 3-1 (Groundball, 34S)
Top of the 5th over - 0 run(s), 0 hit(s), 0 error(s), 0 left on base; Marquette 1 - Irving 4
BOTTOM OF THE 5TH
Irving Blue Sox batting - Pitching for Marquette Miners : RHP Uriel Baughman
Batting: RHB Rafael Delgado 0-0: Called Strike
0-1: Ball
1-1: Ground out 1-3 (Groundball, 13S)
Batting: RHB Daniel Molina 0-0: Foul Ball, location: 2F
0-1: Ball
1-1: Ball
2-1: Called Strike
2-2: Ball
3-2: Foul Ball, location: 2F
3-2: Base on Balls
Batting: LHB Esteban Casillas 0-0: Ball
1-0: Fly out, F9 (Flyball, 9M)
Batting: RHB Mark Davis 0-0: Ball
1-0: Called Strike
1-1: Ball
2-1: Ground out 5-3 (Groundball, 56)
Bottom of the 5th over - 0 run(s), 0 hit(s), 0 error(s), 1 left on base; Marquette 1 - Irving 4
TOP OF THE 6TH
Marquette Miners batting - Pitching for Irving Blue Sox : RHP Jim Davis
Batting: SHB Ken Osborne 0-0: Called Strike
0-1: Ball
1-1: Called Strike
1-2: Ball
2-2: Ball
3-2: Fly out, F8 (Flyball, 8LM)
Batting: RHB Ed Adams 0-0: Ball
1-0: Fly out, F7 (Flyball, 78M)
Batting: RHB Preston Hernández 0-0: Ball
1-0: Fly out, F9 (Flyball, 9D)
Top of the 6th over - 0 run(s), 0 hit(s), 0 error(s), 0 left on base; Marquette 1 - Irving 4
BOTTOM OF THE 6TH
Irving Blue Sox batting - Pitching for Marquette Miners : RHP Uriel Baughman
Batting: SHB John Clayton 0-0: Foul Ball, location: 2F
0-1: Ball
1-1: Ball
2-1: Ground out 4-3 (Groundball, 34)
Batting: RHB Jorge López 0-0: Fly out, F9 (Flyball, 9M)
Batting: RHB Coy Poston 0-0: Ball
1-0: Ball
2-0: Called Strike
2-1: Fly out, F5 (Popup, 5S)
Bottom of the 6th over - 0 run(s), 0 hit(s), 0 error(s), 0 left on base; Marquette 1 - Irving 4
TOP OF THE 7TH
Marquette Miners batting - Pitching for Irving Blue Sox : RHP Jim Davis
Batting: LHB Rick Harrison 0-0: Ball
1-0: Ball
2-0: Ball
3-0: Base on Balls
Batting: RHB Ken Little 0-0: Foul Ball, location: 2F
0-1: Ground out 5-3 (Groundball, 56S)
Rick Harrison to second
Batting: RHB Isaac Downey 0-0: Ball
Rick Harrison is caught stealing 3rd base
1-0: Ball
2-0: Called Strike
2-1: Swinging Strike
2-2: Fly out, F9 (Line Drive, 9LM)
Top of the 7th over - 0 run(s), 0 hit(s), 0 error(s), 0 left on base; Marquette 1 - Irving 4
BOTTOM OF THE 7TH
Irving Blue Sox batting - Pitching for Marquette Miners : RHP Uriel Baughman
Batting: SHB Tom Palmer 0-0: Foul Ball, location: 2F
0-1: Ball
1-1: SINGLE (Line Drive, 7LS)
Batting: RHB Noah Smith 0-0: Ball
Tom Palmer is caught stealing 2nd base
1-0: Called Strike
1-1: Ball
2-1: Ball
3-1: Ground out 5-3 (Groundball, 56S)
Batting: RHB Rafael Delgado 0-0: Foul Ball, location: 2F
0-1: Ball
1-1: Fly out, F8 (Flyball, 8LM)
Bottom of the 7th over - 0 run(s), 1 hit(s), 0 error(s), 0 left on base; Marquette 1 - Irving 4
TOP OF THE 8TH
Marquette Miners batting - Pitching for Irving Blue Sox : RHP Jim Davis
Batting: RHB Bernardo Márquez 0-0: Swinging Strike
0-1: Ball
1-1: Called Strike
1-2: Strikes out swinging
Batting: RHB David Barrón 0-0: Ground out 5-3 (Groundball, 5)
Batting: RHB Félix De La Hoya 0-0: Ball
1-0: Called Strike
1-1: Fly out, F7 (Flyball, 78M)
Top of the 8th over - 0 run(s), 0 hit(s), 0 error(s), 0 left on base; Marquette 1 - Irving 4
BOTTOM OF THE 8TH
Irving Blue Sox batting - Pitching for Marquette Miners : RHP Uriel Baughman
Batting: RHB Daniel Molina 0-0: Called Strike
0-1: Bunted foul
0-2: Foul Ball, location: 2F
0-2: Ball
1-2: Foul Ball, location: 2F
1-2: Fly out, F9 (Flyball, 9LM)
Batting: LHB Esteban Casillas 0-0: Foul Ball, location: 2F
0-1: Ball
1-1: Ball
2-1: Called Strike
2-2: SINGLE (Flyball, 7S)
Batting: RHB Mark Davis 0-0: Called Strike
0-1: Swinging Strike
0-2: Ball
1-2: Strikes out swinging
Pitching: RHP Frye Bacon
Batting: SHB John Clayton 0-0: Ground out 4-3 (Groundball, 4)
Bottom of the 8th over - 0 run(s), 1 hit(s), 0 error(s), 1 left on base; Marquette 1 - Irving 4
TOP OF THE 9TH
Marquette Miners batting - Pitching for Irving Blue Sox : RHP Jim Davis
Pitching: RHP Robinson Luján
Batting: SHB Ken Osborne 0-0: Ground out 4-3 (Groundball, 4)
Batting: RHB Ed Adams 0-0: Ball
1-0: Foul Ball, location: 2F
1-1: Foul Ball, location: 2F
1-2: Strikes out swinging
Batting: RHB Preston Hernández 0-0: Swinging Strike
0-1: Called Strike
0-2: SINGLE (Line Drive, 8LS)
Batting: LHB Rick Harrison 0-0: Ball
1-0: Swinging Strike
1-1: Ball
2-1: Fly out, F7 (Flyball, 7LM)
Top of the 9th over - 0 run(s), 1 hit(s), 0 error(s), 1 left on base; Marquette 1 - Irving 4
This league is powered by Out of the Park Baseball, the baseball management simulation game for PC, Mac and Linux
Monday, October 3rd, 2016 - OOTP Baseball 16.9 Build 39